 Dungeon Crawl Stone Soup version 0.28-a0-1190-g77e1c55843 (webtiles) character file.

Game seed: 5354156570999463282

142 SmokeWeed the Sneak (level 5, -4/35 HPs)
             Began as an Octopode Brigand on Dec 18, 2021.
             Slain by a kobold brigand (8 damage)
             ... in a sewer.
             The game lasted 00:05:09 (2059 turns).

SmokeWeed the Sneak (Octopode Brigand)              Turns: 2059, Time: 00:05:09

Health: -4/35      AC:  1    Str: 12    XL:     5   Next: 24%
Magic:  5/5        EV: 12    Int: 14    God:
Gold:   75         SH:  0    Dex: 13    Spells: 4/4 levels left

rFire   . . .      SeeInvis .   a - +2 dagger (freeze)
rCold   . . .      Faith    .   (no shield)
rNeg    . . .      Spirit   .   (helmet restricted)
rPois   .          Reflect  .   i - amulet of regeneration
rElec   .          Harm     .   (no ring)
rCorr   .          Rampage  .   (no ring)
Will    .....                   (no ring)
Stlth   ++++++....              (no ring)
HPRegen 0.91/turn               (no ring)
MPRegen 0.09/turn               (no ring)
                                (no ring)
                                (no ring)

@: no status effects
A: almost no armour, amphibious, 8 rings, camouflage 1, gelatinous body 1,
nimble swimmer 1, tentacles
a: no special abilities


You were in a sewer.
You visited 1 branch of the dungeon, and saw 3 of its levels.
You also visited: Sewer.

You collected 75 gold pieces.

Inventory:

Hand Weapons
 a - a +2 dagger of freezing (weapon)
Missiles
 b - 7 poisoned darts (quivered)
 c - 5 curare-tipped darts
Jewellery
 e - an amulet of guardian spirit
 i - an amulet of regeneration (around mantle)
 l - an amulet of faith
Scrolls
 d - 3 scrolls of identify
 h - a scroll of brand weapon
 j - a scroll of blinking
Potions
 f - 4 potions of curing
 g - a potion of heal wounds {unknown}
 k - a potion of magic {unknown}


   Skills:
 + Level 2.5 Fighting
 + Level 2.7 Short Blades
 + Level 2.5 Throwing
 + Level 1.1 Dodging
 + Level 7.6 Stealth


You had 4 spell levels left.
You didn't know any spells.
Your spell library contained the following spells:

 Spells                   Type           Power      Damage    Failure   Level
 Sublimation of Blood     Necr           0%         N/A       41%         2
 Wereblood                Tmut           0%         N/A       41%         2
 Summon Hydra             Summ           0%         N/A       100%        7


Dungeon Overview and Level Annotations

Branches:
Dungeon (3/15)              Sewer (1/1)

Altars:
Kikubaaqudgha


Innate Abilities, Weirdness & Mutations

You cannot wear most types of armour.
You are amphibious.
You can wear up to eight rings at the same time.
Your skin changes colour to match your surroundings (Stealth+).
Your rubbery body absorbs attacks. (AC +1, EV +1)
You are camouflaged near water. (Stealth+)
You have tentacles for arms and can constrict up to eight enemies at once.


Message History

Aim: a kobold brigand, wielding a +0 short sword and quivering curare-tipped darts (51% to hit)
You throw a poisoned dart.
The poisoned dart hits the kobold brigand.
The kobold brigand is poisoned.
You barely miss the kobold brigand. Your grab misses the kobold brigand.
Your squeeze misses the kobold brigand.
The kobold brigand is lightly wounded.
You hit the kobold brigand. You freeze the kobold brigand.
Your grab misses the kobold brigand. You squeeze the kobold brigand!
The kobold brigand is heavily wounded.
The kobold brigand splashes around in the water.
You completely miss the kobold brigand. Your grab misses the kobold brigand.
Your squeeze misses the kobold brigand.
The kobold brigand is heavily wounded.
The kobold brigand hits you with a +0 short sword.
You hit the kobold brigand. You freeze the kobold brigand.
Your grab misses the kobold brigand.
The kobold brigand is severely wounded.
The kobold brigand looks more healthy.
You closely miss the kobold brigand. You grab the kobold brigand.
The kobold brigand is severely wounded.
You constrict the kobold brigand.
The kobold splashes around in the water.
You hit the kobold brigand but do no damage.
The kobold brigand is almost dead.
You constrict the kobold brigand.
The kobold brigand hits you with a +0 short sword!
The kobold completely misses you.
You hit the kobold brigand. You freeze the kobold brigand.
The kobold brigand is almost dead.
You constrict the kobold brigand, but do no damage.
The kobold brigand hits you with a +0 short sword.
The kobold hits you with a +0 short sword.
The kobold hits you with a +0 whip.
* * * LOW HITPOINT WARNING * * *
You release your grip on the kobold brigand.
The kobold brigand hits you with a +0 short sword.
* * * LOW HITPOINT WARNING * * *
The kobold brigand hits you with a +0 short sword!
You die...

# ## ############ ∩#
##. #..≈≈≈..≈..###.##
#.#...#..≈≈≈≈.≈........
##....#≈≈≈≈≈≈≈≈≈≈≈≈≈≈≈≈
#...K.(.K≈≈≈≈≈≈≈≈≈≈≈≈≈≈
#≈≈≈≈≈≈≈≈≈≈≈≈≈≈≈≈
#KKK≈≈≈..≈≈..≈...
#.≈@.≈≈.≈≈≈######
#########≈## #≈# #≈#
#≈# #≈# #≈# #≈# #≈#


You could see a kobold brigand and 3 kobolds.

Vanquished Creatures
  3 gnolls
  2 adders (D:2)
  A river rat (Sewer)
  A worm (D:3)
  5 dart slugs
  An orc (D:3)
  6 endoplasms
  2 giant cockroaches
  6 goblins
  5 hobgoblins
  A jackal (Sewer)
  4 quokkas
  3 ball pythons
  9 bats
  A frilled lizard (D:1)
  11 kobolds
  9 rats
70 creatures vanquished.

Notes
Turn   | Place    | Note
-------+----------+-------------------------------------------
     0 | D:1      | SmokeWeed the Octopode Brigand began the quest for the Orb.
     0 | D:1      | Reached XP level 1. HP: 14/14 MP: 1/1
    72 | D:1      | Found a faded altar of an unknown god.
    98 | D:1      | Reached XP level 2. HP: 19/19 MP: 2/2
   113 | D:1      | Reached skill level 6 in Stealth
   359 | D:1      | Reached XP level 3. HP: 16/24 MP: 3/3
  1141 | D:2      | Reached XP level 4. HP: 26/29 MP: 4/4
  1384 | D:2      | Found an ancient bone altar of Kikubaaqudgha.
  1497 | D:2      | Reached skill level 7 in Stealth
  1851 | D:3      | Reached XP level 5. HP: 30/35 MP: 5/5
  1989 | D:3      | Found a glowing drain.
  1993 | Sewer    | Entered a sewer
  2043 | Sewer    | Noticed a kobold brigand
  2059 | Sewer    | Slain by a kobold brigand

Illustrated notes

Levels and vault maps discovered:
D:1:      shiori_arrival_oz, layout_basic, basic_ecumenical_altar
D:2:      layout_basic, basic_altar, glass_columns_b
D:3:      layout_rooms, gup_sewer_entry_bowl
Sewer:    sewer_kobolds

Skill      XL: |  1  2  3  4 |
---------------+-------------+-----
Stealth        | 6 7 |  7.6
Fighting       | |  2.5
Short Blades   | |  2.7
Throwing       | |  2.5
Dodging        | |  1.1

Action                   |  1- 3 |  4- 6 || total
-------------------------+-------+-------++-------
Melee: Dagger            |    67 |    59 ||   126
       Constrict         |    14 |    14 ||    28
       Tentacles         |    13 |    11 ||    24
Throw: Dart              |     2 |     4 ||     6
  Use: Scroll            |       |     4 ||     4
 Stab: Sleeping          |     9 |    16 ||    25
       Distracted        |     1 |       ||     1
Armor: Skin              |     7 |     6 ||    13
Dodge: Dodged            |    39 |    28 ||    67

Table legend: (Time is in decaauts)
 A = Elapsed time spent in this place.
 B = Non-inter-level travel time spent in this place.
 C = Inter-level travel time spent in this place.
 D = Time resting spent in this place.
 E = Time spent auto-exploring this place.
 F = Levels seen in this place.
 G = Mean time per level.
                   A        B        C        D        E       F      G
               +--------+--------+--------+--------+--------+-----+--------+
         Total |   2045 |   2026 |     19 |     12 |   1339 |   4 |  511.2 |
       Dungeon |   1981 |   1962 |     19 |     12 |   1339 |   3 |  660.3 |
         Sewer |     63 |     63 |      0 |      0 |      0 |   1 |   63.0 |
               +--------+--------+--------+--------+--------+-----+--------+

Top non-repeatable levels by time:
     D:1: 947 daAuts
     D:2: 856 daAuts
     D:3: 178 daAuts
   Sewer: 63 daAuts
